SNL (28 & UNDER)
BLACKIRON DRAGONS @ WICHITA WRANGLERS
09/16/2027
 
TOP OF THE 1ST
BlackIron Dragons batting - Pitching for Wichita Wranglers : LHP Jeff Jackson
Pitching: LHP Jeff Jackson
Batting: LHB Al Bartlett 0-0: Ball
1-0: Ball
2-0: Called Strike
2-1: Ball
3-1: Base on Balls
Batting: RHB Juan Gonzáles 0-0: Ball
1-0: Ball
2-0: Foul Ball, location: 2F
2-1: Foul Ball, location: 2F
2-2: Ball
3-2: Foul Ball, location: 2F
3-2: Strikes out swinging
Al Bartlett is caught stealing 2nd base
Batter strikes out.
Batting: SHB Félix Montoya 0-0: Ball
1-0: Called Strike
1-1: Foul Ball, location: 2F
1-2: SINGLE (Groundball, 4MD)
Batting: RHB Roderick Silva 0-0: Called Strike
Félix Montoya steals 2nd base
0-1: Ground out 5-3 (Groundball, 56S)
Top of the 1st over - 0 run(s), 1 hit(s), 0 error(s), 1 left on base; BlackIron 0 - Wichita 0
BOTTOM OF THE 1ST
Wichita Wranglers batting - Pitching for BlackIron Dragons : RHP Raúl Durán
Pitching: RHP Raúl Durán
Batting: RHB Jorge Barbosa 0-0: Ball
1-0: Ball
2-0: Foul Ball, location: 2F
2-1: Ball
3-1: Called Strike
3-2: DOUBLE (Line Drive, 89M)
Batting: RHB James Stevens 0-0: Ball
1-0: Ball
2-0: Called Strike
2-1: Ball
3-1: Base on Balls
Batting: RHB Ricardo Rodríguez 0-0: Ball
1-0: Foul Ball, location: 2F
1-1: Swinging Strike
1-2: Foul Ball, location: 2F
1-2: SINGLE (Line Drive, 78M)
Jorge Barbosa to third
James Stevens to second
Batting: RHB Tom Gordon 0-0: Called Strike
0-1: Called Strike
0-2: Foul Ball, location: 2F
0-2: Strikes out swinging
Batting: RHB José López 0-0: SINGLE (Groundball, 4S) (infield hit)
Jorge Barbosa scores
James Stevens to third
Ricardo Rodríguez to second
Batting: RHB Oliver Todd 0-0: Called Strike
0-1: Ball
1-1: Foul Ball, location: 2F
1-2: Ball
2-2: Ball
3-2: Strikes out looking
Batting: LHB Richard Hinkle 0-0: Foul Ball, location: 2F
0-1: Ball
1-1: Ball
2-1: Foul Ball, location: 2F
2-2: Ball
3-2: Base on Balls
James Stevens scores
Ricardo Rodríguez to third
José López to second
Batting: RHB Rusty Bennett 0-0: Fielders Choice at 2nd, 4-6 (Groundball, 4)
Bottom of the 1st over - 2 run(s), 3 hit(s), 0 error(s), 2 left on base; BlackIron 0 - Wichita 2
TOP OF THE 2ND
BlackIron Dragons batting - Pitching for Wichita Wranglers : LHP Jeff Jackson
Batting: LHB António Romo 0-0: Called Strike
0-1: Ball
1-1: SINGLE (Groundball, 3S) (infield hit)
Batting: RHB Brady McIntyre 0-0: Called Strike
0-1: Grounds into double play, 5-4-3 (Groundball, 5)
Batting: RHB Júlio Rodríguez 0-0: Called Strike
0-1: Foul Ball, location: 2F
0-2: Ball
1-2: Fly out, F6 (Popup, 6D)
Top of the 2nd over - 0 run(s), 1 hit(s), 0 error(s), 0 left on base; BlackIron 0 - Wichita 2
BOTTOM OF THE 2ND
Wichita Wranglers batting - Pitching for BlackIron Dragons : RHP Raúl Durán
Batting: SHB Wayne Matthews 0-0: Called Strike
0-1: Called Strike
0-2: Ball
1-2: Ball
2-2: Strikes out swinging
Batting: RHB Jorge Barbosa 0-0: Foul Ball, location: 2F
0-1: Ball
1-1: Foul Ball, location: 2F
1-2: Fly out, F7 (Flyball, 78D)
Batting: RHB James Stevens 0-0: SOLO HOME RUN (Flyball, 7D), Distance : 361 ft
Batting: RHB Ricardo Rodríguez 0-0: Ball
1-0: Called Strike
1-1: Called Strike
1-2: Fly out, F8 (Flyball, 8LS)
Bottom of the 2nd over - 1 run(s), 1 hit(s), 0 error(s), 0 left on base; BlackIron 0 - Wichita 3
TOP OF THE 3RD
BlackIron Dragons batting - Pitching for Wichita Wranglers : LHP Jeff Jackson
Batting: SHB Júlio Macías 0-0: Ball
1-0: Foul Ball, location: 2F
1-1: Foul Ball, location: 2F
1-2: Fly out, F8 (Flyball, 8RD)
Batting: LHB Milo Glenn 0-0: Ball
1-0: Ball
2-0: Ball
3-0: Base on Balls
Batting: LHB Al Bartlett 0-0: Called Strike
0-1: Ball
1-1: Ball
2-1: Foul Ball, location: 2F
2-2: TRIPLE (Flyball, 7)
Milo Glenn scores
Batting: RHB Juan Gonzáles 0-0: Foul Ball, location: 2F
0-1: Called Strike
0-2: Strikes out looking
Batting: SHB Félix Montoya 0-0: Called Strike
0-1: Foul Ball, location: 2F
0-2: Fly out, F7 (Flyball, 78M)
Top of the 3rd over - 1 run(s), 1 hit(s), 0 error(s), 1 left on base; BlackIron 1 - Wichita 3
BOTTOM OF THE 3RD
Wichita Wranglers batting - Pitching for BlackIron Dragons : RHP Raúl Durán
Batting: RHB Tom Gordon 0-0: Ball
1-0: Ground out 4-3 (Groundball, 4)
Batting: RHB José López 0-0: Ball
1-0: Fly out, F8 (Flyball, 8RD)
Batting: RHB Oliver Todd 0-0: Ball
1-0: Ball
2-0: Ball
3-0: Swinging Strike
3-1: Base on Balls
Batting: LHB Richard Hinkle 0-0: Ball
1-0: Fly out, F8 (Flyball, 8LD)
Bottom of the 3rd over - 0 run(s), 0 hit(s), 0 error(s), 1 left on base; BlackIron 1 - Wichita 3
TOP OF THE 4TH
BlackIron Dragons batting - Pitching for Wichita Wranglers : LHP Jeff Jackson
Batting: RHB Roderick Silva 0-0: Ball
1-0: Ball
2-0: Ball
3-0: Fly out, F5 (Popup, 5L)
Batting: LHB António Romo 0-0: Called Strike
0-1: Swinging Strike
0-2: Fly out, F8 (Flyball, 8RD)
Batting: RHB Brady McIntyre 0-0: Called Strike
0-1: Swinging Strike
0-2: Ball
1-2: Ball
2-2: Ground out 4-3 (Groundball, 4M)
Top of the 4th over - 0 run(s), 0 hit(s), 0 error(s), 0 left on base; BlackIron 1 - Wichita 3
BOTTOM OF THE 4TH
Wichita Wranglers batting - Pitching for BlackIron Dragons : RHP Raúl Durán
Batting: RHB Rusty Bennett 0-0: Ball
1-0: Swinging Strike
1-1: Ball
2-1: Called Strike
2-2: Strikes out looking
Batting: SHB Wayne Matthews 0-0: Ball
1-0: Swinging Strike
1-1: Ball
2-1: Ball
3-1: Base on Balls
Batting: RHB Jorge Barbosa 0-0: Called Strike
Wayne Matthews is caught stealing 2nd base
0-1: Called Strike
0-2: Ball
1-2: Foul Ball, location: 2F
1-2: Foul Ball, location: 2F
1-2: SINGLE (Groundball, 6MD)
Batting: RHB James Stevens 0-0: Ball
1-0: Ball
2-0: Called Strike
2-1: Ball
3-1: SINGLE (Line Drive, 34D)
Jorge Barbosa to second
Runner from 2nd tries for 3rd, SAFE, throw made to third
Pitching: RHP Eddie Huber
Batting: RHB Ricardo Rodríguez 0-0: SINGLE (Groundball, 6S) (infield hit)
Jorge Barbosa scores
James Stevens to second
Batting: RHB Tom Gordon 0-0: Ball
1-0: Called Strike
1-1: SINGLE (Groundball, 56) (infield hit)
James Stevens to third
Ricardo Rodríguez to second
Batting: RHB José López 0-0: DOUBLE (Flyball, 78D)
James Stevens scores
Ricardo Rodríguez scores
Tom Gordon to third
Runner from 3rd tries for Home, SAFE, no throw
Batting: RHB Oliver Todd 0-0: Ball
José López steals 3rd base
1-0: Called Strike
1-1: Foul Ball, location: 2F
1-2: Strikes out swinging
Bottom of the 4th over - 4 run(s), 5 hit(s), 0 error(s), 1 left on base; BlackIron 1 - Wichita 7
TOP OF THE 5TH
BlackIron Dragons batting - Pitching for Wichita Wranglers : LHP Jeff Jackson
Batting: RHB Júlio Rodríguez 0-0: Foul Ball, location: 2F
0-1: SINGLE (Line Drive, 6M)
Batting: SHB Júlio Macías 0-0: Fly out, F9 (Flyball, 9S)
Batting: LHB Milo Glenn 0-0: Called Strike
0-1: Swinging Strike
0-2: Strikes out swinging
Batting: LHB Al Bartlett 0-0: Called Strike
0-1: Ball
1-1: Ball
2-1: Fly out, F9 (Flyball, 89XD)
Top of the 5th over - 0 run(s), 1 hit(s), 0 error(s), 1 left on base; BlackIron 1 - Wichita 7
BOTTOM OF THE 5TH
Wichita Wranglers batting - Pitching for BlackIron Dragons : RHP Eddie Huber
Batting: LHB Richard Hinkle 0-0: Ball
1-0: Called Strike
1-1: Ball
2-1: Ball
3-1: Fly out, F6 (Popup, 6MD)
Batting: RHB Rusty Bennett 0-0: Called Strike
0-1: Ball
1-1: Ball
2-1: Ball
3-1: Base on Balls
Batting: SHB Wayne Matthews 0-0: Ball
Rusty Bennett steals 2nd base
1-0: Swinging Strike
1-1: Swinging Strike
1-2: Ground out 4-3 (Groundball, 4M)
Rusty Bennett to third
Batting: RHB Jorge Barbosa 0-0: Called Strike
0-1: Hit by Pitch
Batting: RHB James Stevens 0-0: SINGLE (Flyball, 4D)
Rusty Bennett scores
Jorge Barbosa to second
Runner from 2nd tries for 3rd, SAFE, throw made to third
Batting: RHB Ricardo Rodríguez 0-0: Foul Ball, location: 2F
0-1: Ball
1-1: Foul Ball, location: 2F
1-2: Foul Ball, location: 2F
1-2: Strikes out looking
Bottom of the 5th over - 1 run(s), 1 hit(s), 0 error(s), 2 left on base; BlackIron 1 - Wichita 8
TOP OF THE 6TH
BlackIron Dragons batting - Pitching for Wichita Wranglers : LHP Jeff Jackson
Batting: RHB Juan Gonzáles 0-0: Ball
1-0: Foul Ball, location: 2F
1-1: SINGLE (Groundball, 6MD)
Batting: SHB Félix Montoya 0-0: SINGLE (Groundball, 4D)
Juan Gonzáles to second
Runner from 2nd tries for 3rd, SAFE, throw made to third
Félix Montoya to second
Batting: RHB Roderick Silva 0-0: Foul Ball, location: 2F
0-1: Ball
1-1: Called Strike
1-2: Ball
2-2: Fly out, F9 (Flyball, 9S)
Runner from 3rd tags up, SCORES, throw made
Batting: LHB António Romo 0-0: Foul Ball, location: 2F
0-1: Foul Ball, location: 2F
0-2: Ball
1-2: Ground out 4-3 (Groundball, 4)
Félix Montoya to third
Batting: RHB Brady McIntyre 0-0: Foul Ball, location: 2F
0-1: Swinging Strike
0-2: Foul Ball, location: 2F
0-2: Ball
1-2: Foul Ball, location: 2F
1-2: Ball
2-2: Ball
3-2: Base on Balls
Batting: RHB Júlio Rodríguez 0-0: Ground out 1-3 (Groundball, 13S)
Top of the 6th over - 1 run(s), 2 hit(s), 0 error(s), 2 left on base; BlackIron 2 - Wichita 8
BOTTOM OF THE 6TH
Wichita Wranglers batting - Pitching for BlackIron Dragons : RHP Eddie Huber
Batting: RHB Tom Gordon 0-0: Called Strike
0-1: Ball
1-1: Swinging Strike
1-2: Strikes out looking
Batting: RHB José López 0-0: Called Strike
0-1: Called Strike
0-2: Strikes out looking
Batting: RHB Oliver Todd 0-0: Called Strike
0-1: Ball
1-1: Ball
2-1: Ball
3-1: SINGLE (Line Drive, 5D)
Batting: LHB Richard Hinkle 0-0: Called Strike
0-1: Called Strike
0-2: Strikes out looking
Bottom of the 6th over - 0 run(s), 1 hit(s), 0 error(s), 1 left on base; BlackIron 2 - Wichita 8
TOP OF THE 7TH
BlackIron Dragons batting - Pitching for Wichita Wranglers : LHP Jeff Jackson
Pitching: LHP Craig Robinson
Batting: SHB Júlio Macías 0-0: Fly out, F8 (Flyball, 89M)
Batting: LHB Milo Glenn 0-0: Ball
1-0: Ball
2-0: Ball
3-0: Base on Balls
Batting: LHB Al Bartlett 0-0: Called Strike
0-1: Ball
1-1: Called Strike
1-2: Ground out U3 (Groundball, 3S)
Milo Glenn to second
Batting: RHB Juan Gonzáles 0-0: Foul Ball, location: 2F
0-1: Ball
1-1: Ball
2-1: Ball
3-1: Base on Balls
Batting: SHB Félix Montoya 0-0: Ball
1-0: SINGLE (Groundball, 4) (infield hit)
Milo Glenn to third
Juan Gonzáles to second
Batting: RHB Roderick Silva 0-0: Called Strike
0-1: Ball
1-1: Swinging Strike
1-2: Foul Ball, location: 2F
1-2: Strikes out looking
Top of the 7th over - 0 run(s), 1 hit(s), 0 error(s), 3 left on base; BlackIron 2 - Wichita 8
BOTTOM OF THE 7TH
Wichita Wranglers batting - Pitching for BlackIron Dragons : RHP Eddie Huber
Pitching: RHP Julián Romero
Batting: RHB Rusty Bennett 0-0: Ball
1-0: Ball
2-0: Ball
3-0: Base on Balls
Batting: SHB Wayne Matthews 0-0: Ball
1-0: SINGLE (Flyball, 8LS)
Rusty Bennett to second
Runner from 2nd tries for 3rd, SAFE, throw made to third
Batting: RHB Jorge Barbosa 0-0: Called Strike
0-1: Called Strike
0-2: Ball
1-2: Foul Ball, location: 2F
1-2: Foul Ball, location: 2F
1-2: Ball
2-2: Ball
3-2: Grounds into double play, 6-4-3 (Groundball, 6)
Rusty Bennett scores
Batting: RHB James Stevens 0-0: Called Strike
0-1: Ball
1-1: Ball
2-1: Called Strike
2-2: Fly out, F7 (Flyball, 7S)
Bottom of the 7th over - 1 run(s), 1 hit(s), 0 error(s), 0 left on base; BlackIron 2 - Wichita 9
TOP OF THE 8TH
BlackIron Dragons batting - Pitching for Wichita Wranglers : LHP Craig Robinson
Batting: LHB António Romo 0-0: Fly out, F8 (Flyball, 89D)
Batting: RHB Brady McIntyre 0-0: Called Strike
0-1: Ball
1-1: Ball
2-1: SINGLE (Groundball, 34D)
Batting: RHB Júlio Rodríguez 0-0: Ball
1-0: Ball
2-0: Ball
3-0: Base on Balls
Brady McIntyre to second
Batting: SHB Júlio Macías 0-0: Ball
1-0: Ball
2-0: Ball
3-0: Called Strike
3-1: Swinging Strike
3-2: Strikes out swinging
Batting: LHB Milo Glenn 0-0: Ball
1-0: Foul Ball, location: 2F
1-1: Ball
2-1: Foul Ball, location: 2F
2-2: Foul Ball, location: 2F
2-2: Foul Ball, location: 2F
2-2: Strikes out swinging
Top of the 8th over - 0 run(s), 1 hit(s), 0 error(s), 2 left on base; BlackIron 2 - Wichita 9
BOTTOM OF THE 8TH
Wichita Wranglers batting - Pitching for BlackIron Dragons : RHP Julián Romero
Batting: RHB Ricardo Rodríguez 0-0: Ground out 5-3 (Groundball, 56)
Batting: RHB Tom Gordon 0-0: Swinging Strike
0-1: Foul Ball, location: 2F
0-2: Ground out 4-3 (Groundball, 34)
Batting: RHB José López 0-0: Ball
1-0: Ground out 5-3 (Groundball, 56)
Bottom of the 8th over - 0 run(s), 0 hit(s), 0 error(s), 0 left on base; BlackIron 2 - Wichita 9
TOP OF THE 9TH
BlackIron Dragons batting - Pitching for Wichita Wranglers : LHP Craig Robinson
Pitching: RHP Tony Edmonds
Now at 2B: Lewis Woods
Batting: LHB Al Bartlett 0-0: Called Strike
0-1: Called Strike
0-2: Ball
1-2: Strikes out swinging
Batting: RHB Juan Gonzáles 0-0: Ball
1-0: Ball
2-0: Called Strike
2-1: Ball
3-1: Base on Balls
Batting: SHB Félix Montoya 0-0: Called Strike
0-1: SINGLE (Groundball, 25) (infield hit)
Juan Gonzáles to second
Batting: RHB Roderick Silva 0-0: Ball
1-0: Ball
2-0: Called Strike
2-1: Foul Ball, location: 2F
2-2: Fly out, F8 (Flyball, 8LD)
Runner from 2nd tags up, SAFE at 3rd, no throw
Batting: LHB António Romo 0-0: Foul Ball, location: 2F
0-1: DOUBLE (Groundball, 3L)
Juan Gonzáles scores
Félix Montoya to third
Batting: RHB Brady McIntyre 0-0: Called Strike
0-1: Swinging Strike
0-2: Ball
1-2: Strikes out swinging
Top of the 9th over - 1 run(s), 2 hit(s), 0 error(s), 2 left on base; BlackIron 3 - Wichita 9
Thursday, March 30th, 2017 - OOTP Baseball 17.12 Build 75